 Dungeon Crawl Stone Soup version 0.22-a0-469-gf26638a (webtiles) character file.

18133 protoss039 the Basher (level 12, -12/77 HPs)
             Began as a Gargoyle Fighter on June 13, 2018.
             Was a High Priest of Okawaru.
             Mangled by a phantasmal warrior (21 damage)
             ... led by a death knight
             ... on level 13 of the Dungeon on June 28, 2018.
             The game lasted 00:54:09 (11934 turns).

protoss039 the Basher (Gargoyle Fighter)           Turns: 11934, Time: 00:54:10

Health: -12/77     AC: 34    Str: 23    XL:     12   Next: 55%
Magic:  0/20       EV:  9    Int:  7    God:    Okawaru [*****.]
Gold:   672        SH: 12    Dex: 11    Spells: 11/11 levels left

rFire    + + +     SeeInvis .   H - +3 mace of Defenestration {flame, *Drain *Slow rN+++ Str+2}
rCold    + + +     Gourm    .   c - +0 shield
rNeg     + + +     Faith    .   j - +0 plate armour
rPois    ∞         Spirit   +   (no helmet)
rElec    +         Reflect  .   u - +0 cloak {MR+}
rCorr    .         Harm     .   (no gloves)
MR       +....                  z - +0 pair of boots
Stlth    ..........             y - amulet "Ytublo" {Spirit *Corrode rF+++ rC+++ Int-4}
HPRegen  0.22/turn              A - ring of protection from magic
MPRegen  0.17/turn              P - +5 ring of protection

@: vulnerable, heroism
A: negative energy resistance 1, electricity resistance, unbreathing,
petrification resistance, rot immunity, AC +8
a: Heroism, Finesse, Renounce Religion


You were on level 13 of the Dungeon.
You worshipped Okawaru.
Okawaru was extremely pleased with you.
You were not hungry.

You visited 2 branches of the dungeon, and saw 14 of its levels.
You also visited: Sewer.

You collected 762 gold pieces.
You spent 90 gold pieces at shops.

Inventory:

Hand Weapons
 H - the +3 mace of Defenestration (weapon) {flame, *Drain *Slow rN+++ Str+2}
   (You found it on level 4 of the Dungeon)

   It has been specially enchanted to burn those struck by it, causing extra
   injury to most foes and up to half again as much damage against particularly
   susceptible opponents.
   It affects your strength (+2).
   It renders you almost immune to negative energy.
   It causes draining when unequipped.
   It may slow you when you take damage.
Missiles
 e - 2 steel javelins (quivered)
Armour
 c - a +0 shield (worn)
 j - a +0 plate armour (worn)
 u - a +0 cloak of magic resistance (worn)
 z - a +0 pair of boots (worn)
Jewellery
 x - an uncursed ring of magical power {unknown}
 y - the amulet "Ytublo" (around neck) {Spirit *Corrode rF+++ rC+++ Int-4}
   (You found it on level 4 of the Dungeon)

   [amulet of guardian spirit]

   It causes incoming damage to be split between your health and magic.
   It affects your intelligence (-4).
   It renders you almost immune to fire.
   It renders you almost immune to cold.
   It may corrode you when you take damage.
 A - a ring of protection from magic (left hand)
 P - a +5 ring of protection (right hand)
Wands
 b - a wand of clouds (9)
 g - a wand of digging (10)
 B - a wand of flame (42)
 J - a wand of disintegration (10)
 O - a wand of iceblast (6)
 S - a wand of acid (20)
Scrolls
 h - a scroll of magic mapping
 i - a scroll of vulnerability {unknown}
 k - 6 scrolls of remove curse
 l - 2 scrolls of fear
 m - 7 scrolls of teleportation
 o - 6 scrolls of fog
 p - 2 scrolls of immolation {unknown}
 q - a scroll of enchant weapon {unknown}
 r - 3 scrolls of enchant armour
 w - 3 scrolls of amnesia {unknown}
 C - a scroll of random uselessness {unknown}
 D - a scroll of identify
 F - 2 scrolls of blinking {unknown}
 G - a scroll of torment {unknown}
 R - a scroll of noise {unknown}
Potions
 d - a potion of might
 n - 4 potions of agility
 s - a potion of berserk rage {unknown}
 t - 2 potions of lignification {unknown}
 v - a potion of curing
 E - 6 potions of flight
 I - 2 potions of ambrosia
 K - 2 potions of haste {unknown}
 L - a potion of mutation {unknown}
 M - a potion of resistance {unknown}
 N - a potion of brilliance {unknown}
 T - a potion of invisibility {unknown}
Comestibles
 f - 14 rations


   Skills:
 + Level 10.2(15.2) Fighting
 * Level 12.0(17.0) Maces & Flails
 + Level 10.3(15.3) Armour
 - Level 5.2(10.2) Shields
 * Level 11.0 Invocations


You had 11 spell levels left.
You didn't know any spells.
Your spell library contained the following spells:

 Spells                   Type           Power        Failure   Level  Hunger
 Invisibility             Hex            #.......     100%        6    #######
 Summon Small Mammal      Summ           #...         100%        1    ##.....
 Summon Ice Beast         Ice/Summ       #.......     100%        4    #####..
 Call Imp                 Summ           #.......     100%        2    ###....
 Swiftness                Chrm/Air       #.......     100%        2    ###....
 Spider Form              Tmut/Pois      #.........   100%        3    ####...
 Blade Hands              Tmut           #.........   100%        5    ######.
 Ice Form                 Ice/Tmut       #.......     100%        4    #####..
 Passwall                 Tmut/Erth      #.......     100%        2    ###....
 Sticks to Snakes         Tmut           #.......     100%        2    ###....
 Call Canine Familiar     Summ           #.......     100%        3    ####...
 Lee's Rapid Deconstruct  Erth           #.........   100%        5    ######.
 Passage of Golubria      Tloc           N/A          100%        4    #####..
 Darkness                 Hex            #.........   100%        6    #######
 Beastly Appendage        Tmut           #.....       100%        1    ##.....
 Summon Lightning Spire   Summ/Air       #.......     100%        4    #####..
 Summon Guardian Golem    Hex/Summ       #.......     100%        3    ####...


Dungeon Overview and Level Annotations

Branches:
Dungeon (13/15)            Temple (1/1) D:5            Lair (0/6) D:11
    Orc (0/2) D:9
 Vaults: D:13-14

Altars:
Ashenzari
Cheibriados
Dithmenos
Elyvilon
Fedhas
Gozag
Hepliaklqana
Kikubaaqudgha
Makhleb
Nemelex Xobeh
Okawaru
Qazlal
Ru
Sif Muna
Trog
Uskayaw
Vehumet
Wu Jian
Xom
Yredelemnul
Zin
The Shining One

Shops:
D:8 :   D:11 !   D:12 :(*(*

Annotations:
D:5 exclusion: statue


Innate Abilities, Weirdness & Mutations

You are resistant to torment.
Your stone body is resilient. (AC +8)
You are immune to poison.
You resist negative energy. (rN+)
You are resistant to electric shocks. (rElec)
You can survive without breathing.
You are immune to petrification.
You are immune to rotting.


Message History

You feel better. The phantasmal warrior hits you.
* * * LOW HITPOINT WARNING * * *
Unknown command.
Okay, then.
You gain the combat prowess of a mighty hero.
You block the phantasmal warrior's attack.
Unknown command.
Unknown command.
You thump the phantasmal warrior! You burn the phantasmal warrior.
The phantasmal warrior is severely damaged.
You sock the phantasmal warrior! You burn the phantasmal warrior.
The phantasmal warrior is almost destroyed.
The phantasmal warrior hits you but does no damage.
You barely miss the phantasmal warrior.
The phantasmal warrior is almost destroyed.
The phantasmal warrior hits you but does no damage.
Your plate armour prevents you from hitting the phantasmal warrior.
The phantasmal warrior is almost destroyed.
The phantasmal warrior hits you!!
You die...

#.# #.# .# #.# .. #.# .#
#.# .# #######.# .#
........# .# ######..#
#######<#
######..####....@W.#
#..............#####
#.#.##.#####.#.#
..#.##...##....#########
#...####.##.#...........
##.## #.##...##.######
##.####.#######.#
##.....# #..)# ##.######
...#...


You could see a phantasmal warrior.

Vanquished Creatures
  A death knight (D:13)
  A centaur warrior (D:13)
  3 two-headed ogres
  A hydra (D:12)
  An unseen horror (D:9)
  A phantasmal warrior (D:12)
  2 ugly things (D:11)
  A cyclops (D:12)
  The ghost of junkhipster the Basher, a novice GrFi (D:6)
  3 kobold demonologists (D:13)
  6 trolls
  A hippogriff (D:7)
  The ghost of Soeti the Sneak, an amateur OpEn (D:5)
  A vampire (D:12)
  3 wyverns
  2 wraiths
  4 yaks (D:9)
  A spriggan (D:8)
  3 hungry ghosts
  A basilisk (D:12)
  3 wargs (D:11)
  An acid dragon (D:12)
  9 orc warriors
  2 ice beasts (D:10)
  2 sky beasts
  A black bear (D:8)
  2 phantoms (D:7)
  A necrophage (D:6)
  An eye of draining (D:11)
  4 ogres
  6 centaurs
  4 big kobolds
  4 bullfrogs
  A wyvern skeleton (D:12)
  10 killer bees
  2 scorpions
  6 crimson imps
  2 bullfrog zombies
  4 centaur zombies
  2 quasits
  11 orc priests
  2 bullfrog skeletons (D:12)
  5 hounds
  3 jellies
  A gnoll shaman (D:5)
  2 centaur skeletons
  2 iguanas
  14 orc wizards
  9 worker ants
  2 killer bee zombies
  A hound zombie (D:5)
  The ghost of emperorscorpion the Charmwright, a weakling VSSk (D:4)
  5 gnolls (D:5)
  3 river rats (Sewer)
  10 adders
  An adder skeleton (D:10)
  2 worms
  3 dart slugs
  6 leopard geckos
  37 orcs
  6 bats
  7 giant cockroaches
  5 goblins
  9 hobgoblins
  15 jackals
  3 quokkas
  A ball python (D:2)
  3 frilled lizards
  15 kobolds
  A leopard gecko skeleton (D:4)
  11 rats
  A spectral orc (D:7)
302 creatures vanquished.

Notes
Turn   | Place    | Note
-------+----------+-------------------------------------------
     0 | D:1      | protoss039 the Gargoyle Fighter began the quest for the Orb.
     0 | D:1      | Reached XP level 1. HP: 14/14 MP: 1/1
    56 | D:1      | Reached XP level 2. HP: 11/19 MP: 2/2
   673 | D:1      | Reached XP level 3. HP: 24/24 MP: 3/3
   965 | D:2      | Reached skill level 3 in Maces & Flails
  1067 | D:2      | Found a stormy altar of Qazlal.
  1422 | D:3      | Found a blossoming altar of Fedhas.
  1481 | D:3      | Reached XP level 4. HP: 23/30 MP: 4/4
  1826 | D:3      | Reached XP level 5. HP: 34/34 MP: 5/5
  2039 | D:4      | Reached skill level 5 in Fighting
  2039 | D:4      | Reached skill level 4 in Maces & Flails
  2052 | D:4      | Got a brightly glowing amethyst amulet
  2148 | D:4      | Noticed an ogre
  2154 | D:4      | Found a sacrificial altar of Ru.
  2201 | D:4      | Found an opulent altar of Gozag.
  2307 | D:4      | Reached XP level 6. HP: 35/40 MP: 6/6
  2318 | D:4      | Noticed emperorscorpion's ghost (weakling VSSk)
  2342 | D:4      | Killed emperorscorpion's ghost
  2478 | D:4      | Found an ornate altar of the Wu Jian Council.
  2781 | D:5      | Entered Level 5 of the Dungeon
  2838 | D:5      | Reached XP level 7. HP: 30/44 MP: 7/7
  2894 | D:5      | Reached skill level 5 in Maces & Flails
  2916 | D:5      | Found Tenuyf's Antique Weapon Emporium.
  3084 | D:5      | Found a staircase to the Ecumenical Temple.
  3085 | D:5      | Noticed Soeti's ghost (amateur OpEn)
  3094 | D:5      | Killed Soeti's ghost
  3094 | D:5      | Reached skill level 5 in Armour
  3175 | D:5      | Found a radiant altar of Vehumet.
  3267 | Temple   | Entered the Ecumenical Temple
  3307 | Temple   | Became a worshipper of Warmaster Okawaru
  3927 | D:6      | Noticed junkhipster's ghost (novice GrFi)
  4004 | D:4      | Got a translucent mace
  4005 | D:4      | Identified the +3 mace of Defenestration {flame, *Drain *Slow rN+++ Str+2} (You found it on level 4 of the Dungeon)
  4009 | D:4      | Identified the amulet "Ytublo" {Spirit *Corrode rF+++ rC+++ Int-4} (You found it on level 4 of the Dungeon)
  4181 | D:6      | Reached XP level 8. HP: 19/51 MP: 2/8
  4448 | D:6      | Found a glowing drain.
  4460 | Sewer    | Entered a sewer
  4535 | Sewer    | Reached skill level 6 in Maces & Flails
  4561 | Sewer    | Found a white marble altar of Elyvilon.
  4706 | D:6      | Killed junkhipster's ghost
  4706 | D:6      | Reached * piety under Okawaru
  4706 | D:6      | Reached skill level 5 in Shields
  4963 | D:7      | Found a glowing golden altar of the Shining One.
  5013 | D:7      | Found a basalt altar of Yredelemnul.
  5159 | D:7      | Reached skill level 1 in Invocations
  5161 | D:7      | Reached ** piety under Okawaru
  5162 | D:7      | Reached XP level 9. HP: 15/56 MP: 1/10
  5417 | D:7      | Reached skill level 7 in Maces & Flails
  6335 | D:8      | Reached *** piety under Okawaru
  6359 | D:8      | Reached skill level 8 in Maces & Flails
  6385 | D:8      | Found a bloodstained altar of Trog.
  6463 | D:8      | Noticed a two-headed ogre
  6469 | D:8      | Killed a two-headed ogre
  6469 | D:8      | Reached skill level 5 in Invocations
  6469 | D:8      | Reached XP level 10. HP: 41/64 MP: 7/14
  6590 | D:8      | Reached **** piety under Okawaru
  6728 | D:8      | Found Omijuh's Book Boutique.
  7179 | D:9      | Found a shattered altar of Ashenzari.
  7225 | D:9      | Killed an unseen horror
  7225 | D:9      | Reached skill level 9 in Maces & Flails
  7992 | D:9      | Noticed a two-headed ogre
  8005 | D:9      | Killed a two-headed ogre
  8005 | D:9      | Reached ***** piety under Okawaru
  8005 | D:9      | Received a gift from Okawaru
  8036 | D:9      | Got a silken robe {god gift}
  8065 | D:9      | Identified the +3 robe of Okawaru's Anger {+Inv Regen+ Str+3} (Okawaru gifted it to you on level 9 of the Dungeon)
  8115 | D:9      | Found a staircase to the Orcish Mines.
  8137 | D:9      | You fall through a shaft for 2 floors!
  8222 | D:11     | Reached XP level 11. HP: 47/69 MP: 10/16
  8453 | D:11     | Reached skill level 10 in Maces & Flails
  8470 | D:10     | Entered Level 10 of the Dungeon
  8608 | D:10     | Noticed a two-headed ogre
  8726 | D:10     | Killed a two-headed ogre
  9280 | D:11     | Noticed a green ugly thing
  9298 | D:11     | Killed a green ugly thing
  9415 | D:11     | Found a staircase to the Lair.
  9591 | D:11     | Found Rufafuxe's Distillery.
  9597 | D:11     | Bought a potion of heal wounds for 55 gold pieces
  9597 | D:11     | Bought a potion of degeneration for 11 gold pieces
  9702 | D:11     | Noticed a white ugly thing
  9712 | D:11     | Killed a white ugly thing
  9888 | D:12     | Noticed a phantasmal warrior
  9918 | D:12     | Killed a phantasmal warrior
  9918 | D:12     | Reached skill level 11 in Maces & Flails
 10011 | D:12     | Found Ofuleluxea's Assorted Antiques.
 10142 | D:12     | Found Coudonn's Weapon Emporium.
 10349 | D:12     | Reached skill level 10 in Invocations
 10349 | D:12     | Reached XP level 12. HP: 62/77 MP: 19/19
 10373 | D:12     | Found an ancient bone altar of Kikubaaqudgha.
 10544 | D:12     | Found Joduxte's Book Boutique.
 10632 | D:12     | Noticed a five-headed hydra
 10640 | D:12     | Killed a five-headed hydra
 10675 | D:12     | Reached skill level 10 in Armour
 10803 | D:12     | Found Luno's Weapon Shop.
 10860 | D:12     | Found Puviff's General Store.
 10863 | D:12     | Bought a scroll of identify for 24 gold pieces
 11019 | D:13     | Reached skill level 10 in Fighting
 11192 | D:13     | Noticed a centaur warrior
 11210 | D:13     | Killed a centaur warrior
 11477 | D:13     | Noticed a death knight
 11903 | D:13     | Killed a death knight
 11903 | D:13     | Reached skill level 12 in Maces & Flails
 11903 | D:13     | HP: 1/77 [phantasmal warrior[a death knight] (16)]
 11918 | D:13     | HP: 3/77 [phantasmal warrior[a death knight] (11)]
 11924 | D:13     | HP: 3/77 [phantasmal warrior[a death knight] (13)]
 11934 | D:13     | Mangled by a phantasmal warrior

Vault maps used:
D:1:      dpeg_arrival_simpleton_a
D:2:      lemuel_doored_altar
D:3:      fedhas_altar_2
D:4:      nicolae_ru_sacrificial_ziggurat, nicolae_overflow_crystal_walls,
          kennysheep_little_box
D:5:      vehumet_statue, minmay_temple_entry_trees, first_ration, serial_shops,
          shop
D:6:      gup_sewer_entry_bubbles, kennysheep_decorative_pillar
D:7:      nicolae_tso_swordbearing_angel, yredelemnul_forgotten_temple_becter,
          lightli_minifort
D:8:      bloody_trog, serial_shops, shop, the_bakery
D:9:      cheibrodos_ashenzari_chains, hiddenorc1_lemuel
D:11:     erik_lair_orcish_takeover, serial_shops, shop
D:12:     basic_altar, serial_shops, shop, shop_statue, nicolae_shop_trees,
          shop, nicolae_shop_behind_doors, nicolae_twisting_strands,
          kennysheep_island_fort
Temple:   minmay_temple_bridge_abc
Sewer:    sewer_kobolds

Skill      XL: |  1  2  3  4  5  6  7  8  9 10 11 12 |
---------------+-------------------------------------+-----
Fighting       | 4 5 6 7 8 9 10 | 10.2
Maces & Flails | 3 4 5 6 8 9 11 12 | 12.0
Armour         | 4 5 6 7 8 9 10 | 10.3
Shields        | 4 5 |  5.2
Invocations    | 1 5 7 10 11 | 11.0

Action                   |  1- 3 |  4- 6 |  7- 9 | 10-12 || total
-------------------------+-------+-------+-------+-------++-------
Melee: Flail             |   147 |   170 |    84 |       ||   401
       Mace              |       |       |   235 |   894 ||  1129
Invok: Heroism           |       |       |     3 |    10 ||    13
       Finesse           |       |       |       |     2 ||     2
Evoke: Wand              |       |       |     6 |       ||     6
  Use: Potion            |       |     1 |     3 |    10 ||    14
       Scroll            |       |       |    16 |     8 ||    24
  Eat: Chunk             |     2 |     5 |    11 |    24 ||    42
       Ration            |       |       |       |     1 ||     1
Armor: Scale mail        |    97 |    78 |    91 |       ||   266
       Plate armour      |       |       |   130 |   642 ||   772
Dodge: Dodged            |    62 |    48 |    81 |   234 ||   425
Block: Shield            |    94 |    84 |   199 |   543 ||   920

Table legend:
 A = Spawn XP
 B = Non-spawn XP
 C = Spawn XP percentage of total XP
 D = Spawn monster count
 E = Non-spawn monster count
 F = Spawn count percentage of total count
 G = Total turns spent on level
                    A         B        C        D         E        F      G
               +---------+---------+-------+---------+---------+-------+---------
         Total |       0 |   25905 |   0.0 |       0 |     302 |   0.0 | 11934
               +---------+---------+-------+---------+---------+-------+---------
           D:1 |       0 |      36 |   0.0 |       0 |      21 |   0.0 |   787
           D:2 |       0 |      36 |   0.0 |       0 |      16 |   0.0 |   541
           D:3 |       0 |     109 |   0.0 |       0 |      19 |   0.0 |   709
           D:4 |       0 |     364 |   0.0 |       0 |      12 |   0.0 |   830
           D:5 |       0 |     632 |   0.0 |       0 |      16 |   0.0 |   898
           D:6 |       0 |     758 |   0.0 |       0 |      12 |   0.0 |   799
           D:7 |       0 |    1439 |   0.0 |       0 |      24 |   0.0 |  1363
           D:8 |       0 |    1964 |   0.0 |       0 |      19 |   0.0 |   794
           D:9 |       0 |    4040 |   0.0 |       0 |      42 |   0.0 |  1152
          D:10 |       0 |    3110 |   0.0 |       0 |      29 |   0.0 |   674
          D:11 |       0 |    2767 |   0.0 |       0 |      22 |   0.0 |   970
          D:12 |       0 |    5514 |   0.0 |       0 |      34 |   0.0 |  1063
          D:13 |       0 |    4986 |   0.0 |       0 |      28 |   0.0 |   965
         Sewer |       0 |     150 |   0.0 |       0 |       8 |   0.0 |   194
               +---------+---------+-------+---------+---------+-------+---------
